 Dungeon Crawl Stone Soup version 0.22.0 (webtiles) character file.

158 GroovyGamera the Skirmisher (level 5, -3/48 HPs)
             Began as a Minotaur Berserker on Aug 12, 2018.
             Was a Believer of Trog.
             Slain by a gnoll
             ... wielding a +0 halberd
              (9 damage)
             ... on level 3 of the Dungeon.
             The game lasted 00:03:52 (1626 turns).

GroovyGamera the Skirmisher (Minotaur Berserker)    Turns: 1626, Time: 00:03:53

Health: -3/48      AC:  5    Str: 22    XL:     5   Next: 16%
Magic:  4/4        EV: 11    Int:  4    God:    Trog [**....]
Gold:   162        SH:  3    Dex: 10    Spells: 4/4 levels left

rFire    . . .     SeeInvis .   s - +0 war axe
rCold    . . .     Gourm    .   f - +0 buckler
rNeg     . . .     Faith    .   d - +0 ring mail
rPois    .         Spirit   .   (helmet restricted)
rElec    .         Reflect  .   (no cloak)
rCorr    .         Harm     .   (no gloves)
MR       ++...                  (no boots)
Stlth    ..........             (no amulet)
HPRegen  1.16/turn              (no ring)
MPRegen  0.09/turn              (no ring)

@: regenerating
A: retaliatory headbutt, horns 2
a: Berserk, Trog's Hand, Renounce Religion


You were on level 3 of the Dungeon.
You worshipped Trog.
Trog was pleased with you.
You were not hungry.

You visited 1 branch of the dungeon, and saw 3 of its levels.

You collected 162 gold pieces.

Inventory:

Hand Weapons
 s - a +0 war axe (weapon)
Missiles
 n - 19 bolts
Armour
 d - a +0 ring mail (worn)
 f - a +0 buckler (worn)
Jewellery
 j - an uncursed amulet of harm {unknown}
Scrolls
 b - 2 scrolls of amnesia {unknown}
 e - 2 scrolls of immolation {unknown}
 h - a scroll of teleportation {unknown}
 i - a scroll of random uselessness {unknown}
 k - a scroll of fear {unknown}
 l - 5 scrolls of identify {unknown}
 p - 2 scrolls of magic mapping {unknown}
 r - a scroll of remove curse {unknown}
Potions
 g - a potion of degeneration {unknown}
 m - a potion of mutation {unknown}
 o - a potion of invisibility {unknown}
 q - a potion of agility {unknown}
Comestibles
 c - 2 rations


   Skills:
 + Level 5.5 Fighting
 + Level 5.5 Axes
 - Level 2.4 Armour
 - Level 2.1 Dodging
 + Level 1.0 Shields


You had 4 spell levels left.
You didn't know any spells.
Your spell library was empty.

Dungeon Overview and Level Annotations

Branches:
Dungeon (3/15)

Altars:
Cheibriados


Innate Abilities, Weirdness & Mutations

You reflexively headbutt those who attack you in melee.
You have a pair of horns on your head.


Message History

You slash the gnoll!
You kill the gnoll!
Trog accepts your kill.
Your Shields skill increases to level 1!
The gnoll barely misses you. You block the gnoll's attack.
Items here: ))) †† a flail x2; a spear; a gnoll corpse x2
You barely miss the gnoll. The gnoll closely misses you.
You hit the gnoll but do no damage. You block the gnoll's attack.
You closely miss the gnoll. Your headbutt misses the gnoll.
The gnoll hits you but does no damage.
You barely miss the gnoll. The gnoll barely misses you.
You barely miss the gnoll. The gnoll hits you with a halberd!
* * * LOW HITPOINT WARNING * * *
You closely miss the gnoll. The gnoll closely misses you.
Your skin crawls.
You feel resistant to hostile enchantments.
You feel quite a bit more hungry. The gnoll hits you with a halberd!
You die...

####.###.##
#.....#
#.....#
#######
#####.######
#.......#
#..####.#.
#..#......
#....#
#.#### #@#
#.g.....#
#########


You could see a gnoll.

Vanquished Creatures
  Jessica (D:2)
  3 adders (D:2)
  4 gnolls
  An ooze (D:1)
  2 worms (D:2)
  2 dart slugs
  4 leopard geckos
  An orc (D:2)
  4 bats (D:1)
  A giant cockroach (D:1)
  5 goblins
  6 hobgoblins
  4 jackals (D:1)
  A quokka (D:2)
  A ball python (D:1)
  3 frilled lizards
  4 kobolds
  5 rats
52 creatures vanquished.

Notes
Turn   | Place    | Note
-------+----------+-------------------------------------------
     0 | D:1      | GroovyGamera the Minotaur Berserker began the quest for the Orb.
     0 | D:1      | Reached XP level 1. HP: 19/19 MP: 0/0
    86 | D:1      | Reached XP level 2. HP: 19/27 MP: 1/1
   289 | D:1      | Reached XP level 3. HP: 29/34 MP: 2/2
   294 | D:1      | Reached ** piety under Trog
   727 | D:2      | Reached XP level 4. HP: 39/41 MP: 3/3
   750 | D:2      | Reached skill level 5 in Fighting
   750 | D:2      | Reached skill level 5 in Axes
   847 | D:2      | Noticed Jessica
   852 | D:2      | Killed Jessica
  1041 | D:2      | Found a snail-covered altar of Cheibriados.
  1612 | D:3      | Reached XP level 5. HP: 48/48 MP: 4/4
  1618 | D:3      | Reached skill level 1 in Shields
  1626 | D:3      | Slain by a gnoll

Skill      XL: |  1  2  3  4  5 |
---------------+----------------+-----
Fighting       | 4 5 |  5.5
Axes           | 4 5 |  5.5
Shields        | 1 |  1.0
Armour         | |  2.4
Dodging        | |  2.1

Action                   |  1- 3 |  4- 6 || total
-------------------------+-------+-------++-------
Melee: Hand axe          |    63 |    36 ||    99
       Headbutt          |    11 |     9 ||    20
       War axe           |       |    13 ||    13
Invok: Trog's Hand       |       |     2 ||     2
  Eat: Ration            |       |     1 ||     1
       Chunk             |       |     1 ||     1
Armor: Ring mail         |    14 |    15 ||    29
       Animal skin       |     2 |       ||     2
Dodge: Dodged            |    34 |    26 ||    60
Block: Buckler           |       |     2 ||     2
